AoeStats
← :)

Black Forest

507541359Analyzed
4v4 RM · 14d ago on Sep 18, 2026· 36m 41s· 8 players
Game mode
Random Map
Map size
Large (8 player)
Population
200
Speed
Normal
Resources
Standard
Victory
Conquest
Starting age
Dark Age
Ending age
Imperial Age
RankedLock teamsTeams togetherTeam positionsShared explorationLock speedFull tech treeHidden civsTurbo modeCheats
Victory
Defeat
🇸🇪 Aztecs · Sweden
1557
+9
🇸🇪 Persians · Sweden
1478
+12
🇸🇪 Dravidians · Sweden
1353
+17
🇸🇪 Byzantines · Sweden
1243
+20
🇨🇿 Lithuanians · Czechia
1436
-17
🇬🇧 Japanese · United Kingdom
1411
-16
🇦🇷 Khmer · Argentina
1344
-13
🇸🇪 Khitans · Sweden
1322
-12
Degs
7:24 Loom
9:32 Feudal Age
15:46 Castle Age
13:47 Double-Bit Axe
14:59 Horse Collar
17:00 Bow Saw
16:54 Town Watch
21:31 Wheelbarrow
23:09 Gold Mining
23:28 Heavy Plow
27:42 Imperial Age
25:52 Stone Mining
28:38 Hand Cart
29:02 Ballistics
29:46 Chemistry
29:07 Ballistics
28:50 Padded Archer Armor
31:11 Leather Archer Armor
31:47 Gold Shaft Mining
32:17 Two-Man Saw
31:11 Capped Ram
32:14 Masonry
32:53 Guard Tower
32:52 Pikeman
33:42 Scale Mail Armor
33:53 Forging
34:31 Yasama
34:00 Halberdier
35:55 Chain Mail Armor
Rakosnik
1:10 Loom
14:54 Feudal Age
18:46 Castle Age
16:49 Double-Bit Axe
16:46 Horse Collar
33:54 Ballistics
33:54 Elite Skirmisher
36:35 Hill Forts
:)
3:58 Loom
13:20 Feudal Age
16:16 Castle Age
14:02 Double-Bit Axe
13:57 Horse Collar
15:06 Gold Mining
17:18 Bow Saw
17:09 Heavy Plow
18:01 Wheelbarrow
21:42 Hand Cart
27:19 Scale Barding Armor
27:25 Forging
28:02 Bloodlines
27:55 Husbandry
30:31 Imperial Age
28:47 Light Cavalry
31:33 Gold Shaft Mining
32:20 Heavy Scorpion
33:23 Fletching
33:34 Padded Archer Armor
33:36 Double Crossbow
34:48 Chemistry
33:54 Siege Engineers
34:46 Ballistics
34:23 Bodkin Arrow
35:03 Iron Casting
BlackBelt
7:32 Loom
11:26 Feudal Age
15:26 Double-Bit Axe
18:13 Castle Age
16:42 Domestication
18:50 Wheelbarrow
19:51 Gold Mining
20:30 Bow Saw
22:02 Town Watch
23:57 Town Patrol
24:42 Pastoralism
26:02 Stone Mining
26:39 Devotion
27:22 Forging
28:44 Iron Casting
28:14 Fletching
29:31 Husbandry
32:41 Scale Barding Armor
33:44 Chain Barding Armor
36:37 Imperial Age
34:23 Squires
34:08 Arson
34:26 Scale Mail Armor
36:24 Chain Mail Armor
Glassen
0:39 Loom
13:22 Feudal Age
17:06 Castle Age
15:13 Double-Bit Axe
16:17 Gold Mining
20:57 Atonement
21:10 Redemption
23:30 Sanctity
25:42 Fervor
31:11 Horse Collar
32:26 Atonement
32:35 Stone Mining
34:10 Bow Saw
36:54 Wheelbarrow
ClaesErik
8:23 Loom
11:09 Feudal Age
10:36 Loom
15:06 Castle Age
13:24 Double-Bit Axe
14:14 Horse Collar
16:20 Bow Saw
15:55 Horse Collar
20:49 Wheelbarrow
23:54 Gold Mining
25:05 Stone Mining
28:38 Imperial Age
26:24 Hand Cart
26:32 Hand Cart
26:28 Padded Archer Armor
27:12 Husbandry
27:23 Fletching
28:06 Bodkin Arrow
29:38 Ballistics
29:42 Elite Elephant Archer
30:43 Thumb Ring
31:15 Medical Corps
31:57 Bracer
32:13 Leather Archer Armor
34:12 Ring Archer Armor
35:46 Conscription
Ak-guy
10:58 Feudal Age
14:28 Castle Age
12:19 Double-Bit Axe
12:43 Horse Collar
15:37 Bow Saw
15:59 Heavy Plow
20:59 Wheelbarrow
21:54 Hand Cart
22:00 Loom
23:36 Gold Mining
24:34 Stone Mining
25:20 Gold Shaft Mining
26:10 Stone Shaft Mining
28:56 Imperial Age
27:35 Husbandry
27:45 Bloodlines
27:41 Scale Barding Armor
27:47 Forging
27:56 Caravan
28:05 Devotion
29:03 Chain Barding Armor
29:48 Conscription
30:16 Iron Casting
30:47 Two-Man Saw
31:07 Elite War Elephant
33:22 Chemistry
34:52 Plate Barding Armor
35:41 Blast Furnace
37:07 Guilds
Karlavagnen
1:18 Loom
11:31 Feudal Age
16:01 Castle Age
13:56 Double-Bit Axe
14:06 Stone Mining
15:13 Horse Collar
17:17 Bow Saw
24:51 Heavy Plow
27:37 Wheelbarrow
27:06 Gold Mining
28:40 Hand Cart
31:25 Imperial Age
29:41 Gold Shaft Mining
30:30 Fletching
30:40 Padded Archer Armor
31:33 Stone Shaft Mining
31:36 Fortified Wall
33:14 Chemistry
32:41 Crossbowman
33:26 Thumb Ring
33:18 Arbalester
Connection lost

Rejoining the realm…

Still unreachable

The connection could not be restored.

Session expired

The server has moved on; the page needs a fresh start.